 Dungeon Crawl Stone Soup version 0.28.0 (webtiles) character file.

Game seed: 4240070857936286062

249 GrayStillPlays the Skirmisher (level 5, -4/42 HPs)
             Began as a Demonspawn Fighter on Feb 13, 2022.
             Slain by a kobold brigand (11 damage)
             ... on level 4 of the Dungeon.
             The game lasted 00:03:08 (3583 turns).

GrayStillPlays the Skirmisher (Demonspawn Fighter)  Turns: 3583, Time: 00:03:09

Health: -4/42      AC: 11    Str: 19    XL:     5   Next: 86%
Magic:  5/5        EV:  9    Int:  9    God:
Gold:   145        SH:  5    Dex: 15    Spells: 4/4 levels left

rFire   + . .      SeeInvis .   j - +4 war axe {axe}
rCold   . . .      Faith    .   c - +0 buckler
rNeg    . . .      Spirit   .   b - +0 scale mail
rPois   .          Reflect  .   k - +0 helmet
rElec   .          Harm     .   (no cloak)
rCorr   .          Rampage  .   (no gloves)
Will    .....                   w - +0 pair of boots
Stlth   ..........              (no amulet)
HPRegen 0.14/turn               t - ring of Discretion {rF+ Dex+3}
MPRegen 0.09/turn               (no ring)

@: no status effects
A: yellow scales 1, foul stench 1, spiny 1
a: no special abilities


You were on level 4 of the Dungeon.
You visited 1 branch of the dungeon, and saw 4 of its levels.

You collected 145 gold pieces.


Innate Abilities, Weirdness & Mutations

You are partially covered in yellow scales. (AC +2)
You may rarely emit foul miasma when damaged in melee.
You are partially covered in sharp spines.


   Skills:
 + Level 4.1 Fighting
 + Level 3.1 Axes
 + Level 3.8 Armour
 + Level 3.8 Shields


You had 4 spell levels left.
You didn't know any spells.
Your spell library was empty.

Inventory:

Hand Weapons
 a - a +0 war axe {axe}
 j - a +4 war axe (weapon) {axe}
   (You found it on level 2 of the Dungeon)
 z - a +2 hand axe of venom {axe}
   (You took it off an orc on level 4 of the Dungeon)
 A - a +0 whip of venom {mace}
   (You took it off a gnoll on level 4 of the Dungeon)
Missiles
 f - 116 stones (quivered) {throwing}
 g - 34 sling bullets
 m - 44 bolts
 s - 11 boomerangs {throwing}
 u - 55 arrows
 y - 2 silver javelins {throwing}
Armour
 b - a +0 scale mail (worn)
 c - a +0 buckler (worn)
 k - a +0 helmet (worn)
   (You found it on level 2 of the Dungeon)
 w - a +0 pair of boots (worn)
   (You found it on level 3 of the Dungeon)
Magical Staves
 n - a staff of conjuration {!a@e2staff}
   (You found it on level 2 of the Dungeon)
Jewellery
 t - the ring of Discretion (left hand) {rF+ Dex+3}
   (You found it on level 3 of the Dungeon)

   [ring of protection from fire]

   Dex:       It affects your dexterity (+3).
   rF:        It protects you from fire.
Wands
 x - a wand of mindburst (4)
   (You found it on level 3 of the Dungeon)
Scrolls
 h - a scroll of blinking {unknown}
 o - 2 scrolls of enchant weapon {unknown}
 p - 2 scrolls of identify {unknown}
 q - a scroll of immolation {unknown}
 v - a scroll of enchant armour {unknown}
Potions
 d - a potion of might
 e - a potion of magic {unknown}
 i - a potion of degeneration {unknown}
 l - a potion of brilliance {unknown}
 r - a potion of curing {unknown}
 B - a potion of cancellation {unknown}

Dungeon Overview and Level Annotations

Branches:
Dungeon (4/15)
 Temple: D:4-7

Altars:

Annotations:
D:4 4 runed translucent doors

#.#.+......+..##.# ####.###
..#.#8(...8#..##.##########.##
#.##8}(8##.................#
.. ######.......####.......#
#'###...# #..#.##.#
###.#)##..# #..#.##.#
#)##.#.#..# #..#.##.#
..###)#..# #..#.##.# #.K#@#..#
#.......## #(##.#K#..#
####.#....
#...K##..#######..)... ######
#......[)### #.#####).###
#.....# #...#.# #......
#..##.#


You could see a kobold brigand and a kobold.


Message History

A hobgoblin comes into view.
A hobgoblin is nearby!
A hobgoblin is nearby!
A hobgoblin is nearby!
A hobgoblin is nearby!
The hobgoblin is struck by your spines. The hobgoblin closely misses you.
You hit the hobgoblin. You block the hobgoblin's attack.
You hit the hobgoblin but do no damage. The hobgoblin is struck by your spines.
You kill the hobgoblin!
No target in view!
The bullfrog croaks.
The orc shouts!
B - a metallic black potion The bullfrog releases a deep croak.
Key pressed, stopping explore.
Key pressed, stopping explore.
You open the door.
There is an open door here.
An orc comes into view. It is wielding a +0 hand axe.
The orc shouts!
You hear a shout! x2
The orc completely misses you.
You hear a shout!
An orc is nearby!
You slash the orc!
You kill the orc!
Key pressed, stopping explore.
No target in view!
No target in view!
No target in view!
No target in view!
A kobold comes into view. It is wielding a +0 dagger.
The kobold shouts!
You hear a shout!
Things that are here:
a +0 hand axe {axe}; a +0 leather armour; an orc corpse A kobold is nearby!
A kobold is nearby!
The kobold is struck by your spines.
You kill the kobold!
f - 116 stones {throwing} (gained 3)
Things that are here:
a +0 dagger {short}; a kobold corpse An endoplasm comes into view.
The endoplasm quivers.
A kobold brigand, an ogre and a kobold come into view.
The kobold brigand is wielding a +2 flail of protection and quivering poisoned darts.
The kobold brigand shouts!
The ogre shouts!
The kobold shouts!
You hit the endoplasm. You block the endoplasm's attack.
The endoplasm freezes you.
You are frozen.
The kobold brigand hits you but does no damage. 😕 HP[-4]
You take 4 damage, and now have 38/42 hp.
You slash the endoplasm!
You kill the endoplasm!
You hit the kobold brigand but do no damage.
The kobold brigand hits you but does no damage.
You block the ogre's attack. 😕 HP[+1]
You closely miss the ogre.
You hit the kobold brigand but do no damage.
The kobold brigand hits you with a +2 flail of protection!
The ogre is struck by your spines.
The ogre hits you but does no damage. 😮 HP[-9]
You take 9 damage, and now have 30/42 hp.
MASSIVE DAMAGE!! (PAUSE)
You slash the ogre!
You hit the kobold brigand but do no damage.
You block the kobold brigand's attack. The ogre is struck by your spines.
The ogre hits you with a +0 giant club!!
* * * LOW HITPOINT WARNING * * *
The kobold brigand hits you with a +2 flail of protection.
* * * LOW HITPOINT WARNING * * *
😱 HP[-21]
You take 21 damage, and now have 9/42 hp.
MASSIVE DAMAGE!! (PAUSE)
Things that are here:
a +0 dagger {short}; a kobold corpse
Aiming: Mindburst
Press: ? - help, Q - select action, (/) - cycle Shift-Dir - straight line, f - ogre
Aim: an ogre, wielding a +0 giant club (heavily wounded, chance to affect: 64%)
The ogre's mind is blasted!
You blow up the ogre!
Your Fighting skill increases to level 4!
Your Axes skill increases to level 3!
The kobold brigand hits you with a +2 flail of protection.
* * * LOW HITPOINT WARNING * * *
😱 HP[-3]
You take 3 damage, and now have 6/42 hp.
You completely miss the kobold brigand. You block the kobold brigand's attack.
You hit the kobold brigand but do no damage.
The kobold brigand barely misses you.
You hit the kobold brigand but do no damage.
You block the kobold brigand's attack.
The kobold brigand is struck by your spines.
The kobold brigand hits you but does no damage.
You hit the kobold brigand but do no damage.
You block the kobold brigand's attack.
You closely miss the kobold brigand.
The kobold brigand hits you with a +2 flail of protection!
You die...

Skill      XL: |  1  2  3  4  5 |
---------------+----------------+-----
Axes           | 2 3 |  3.1
Shields        | 3 |  3.8
Armour         | 3 |  3.8
Fighting       | 4 |  4.1

Action                   |  1- 3 |  4- 6 || total
-------------------------+-------+-------++-------
Melee: War axe           |   127 |    53 ||   180
Evoke: Wand              |       |     1 ||     1
Armor: Scale mail        |    51 |    39 ||    90
Dodge: Dodged            |    55 |    25 ||    80
Block: Buckler           |    28 |    12 ||    40

Levels and vault maps discovered:
D:1:      dpeg_arrival_rooms_with_view, layout_basic, lemuel_another_geyser
D:2:      layout_basic, ebering_ecumenical_altar_abandoned, chequers_big_river
D:3:      layout_rooms, minivault_27, minivault_27
D:4:      layout_loops_cross, minmay_hollow_rounded_squares, uniq_sigmund

Notes
Turn   | Place    | Note
-------+----------+-------------------------------------------
     0 | D:1      | GrayStillPlays the Demonspawn Fighter began the quest for
                  | the Orb.
     0 | D:1      | Reached XP level 1. HP: 18/18 MP: 1/1
     0 | D:1      | magus.rc [v1.9.6]
   415 | D:1      | Reached skill level 2 in Axes
   415 | D:1      | Gained mutation: You may rarely emit foul miasma when
                  | damaged in melee. [demonic ancestry]
   415 | D:1      | Reached XP level 2. HP: 24/24 MP: 2/2
   917 | D:1      | Reached skill level 3 in Shields
   937 | D:1      | Reached skill level 3 in Armour
  1125 | D:1      | Reached XP level 3. HP: 23/29 MP: 3/3
  1766 | D:2      | Found a faded altar of an unknown god.
  2498 | D:3      | Identified the ring of Discretion {rF+ Dex+3}
  2566 | D:3      | Gained mutation: You are partially covered in yellow
                  | scales. (AC +2) [demonic ancestry]
  2566 | D:3      | Reached XP level 4. HP: 35/35 MP: 4/4
  3363 | D:4      | Gained mutation: You are partially covered in sharp spines.
                  | [demonic ancestry]
  3363 | D:4      | Reached XP level 5. HP: 36/42 MP: 5/5
  3496 | D:4      | Found a large runed translucent door.
  3498 | D:4      | Found a large runed translucent door.
  3511 | D:4      | Found a large runed translucent door.
  3511 | D:4      | Found a large runed translucent door.
  3569 | D:4      | Noticed an ogre
  3573 | D:4      | HP: 9/42 [kobold brigand (3)]
  3577 | D:4      | Killed an ogre
  3578 | D:4      | Reached skill level 4 in Fighting
  3578 | D:4      | Reached skill level 3 in Axes
  3578 | D:4      | HP: 6/42 [kobold brigand (4)]
  3583 | D:4      | Slain by a kobold brigand

Vanquished Creatures
  An ogre (D:4)
  A hound (D:4)
  4 gnolls (D:4)
  An adder (D:2)
  A worm (D:2)
  2 dart slugs
  8 orcs
  7 ball pythons
  3 bats
  6 endoplasms
  5 goblins
  10 hobgoblins
  2 jackals (D:1)
  6 kobolds
  4 quokkas
  4 frilled lizards
  7 rats
72 creatures vanquished.

Vanquished Creatures (others)
  5 plants (D:2)
5 creatures vanquished.

Grand Total: 77 creatures vanquished

Table legend:
 A = Non-vault XP
 B = Vault XP
 C = Vault XP percentage of total XP
 D = Non-vault monster count
 E = Vault monster count
 F = Vault count percentage of total count
                 A         B        C        D         E       F
            +---------+---------+-------+---------+---------+-------
      Total |     231 |     125 |  35.1 |      66 |       6 |   8.3
            +---------+---------+-------+---------+---------+-------
        D:1 |      39 |       3 |   7.1 |      24 |       2 |   7.7
        D:2 |      48 |       0 |   0.0 |      19 |       0 |   0.0
        D:3 |      23 |       0 |   0.0 |      11 |       0 |   0.0
        D:4 |     121 |     122 |  50.2 |      12 |       4 |  25.0
            +---------+---------+-------+---------+---------+-------

Illustrated notes

Table legend:
 A = Kills in this place as a percentage of kills in entire the game.
 B = Kills by you in this place as a percentage of kills by you in the entire game.
 C = Kills by friends in this place as a percentage of kills by friends in the entire game.
 D = Other kills in this place as a percentage of other kills in the entire game.
 E = Experience gained in this place as a percentage of experience gained in the entire game.
 F = Experience gained in this place divided by the number of levels of this place that you have seen.
                   A       B       C       D       E      F
               +-------+-------+-------+-------+-------+----------------------
         Total | 100.0 | 100.0 |   N/A |   N/A | 100.0 |  89.0
       Dungeon | 100.0 | 100.0 |   N/A |   N/A | 100.0 |  89.0
               +-------+-------+-------+-------+-------+----------------------

Table legend: (Time is in decaauts)
 A = Elapsed time spent in this place.
 B = Non-inter-level travel time spent in this place.
 C = Inter-level travel time spent in this place.
 D = Time resting spent in this place.
 E = Time spent auto-exploring this place.
 F = Levels seen in this place.
 G = Mean time per level.
                   A        B        C        D        E       F      G
               +--------+--------+--------+--------+--------+-----+--------+
         Total |   3674 |   3624 |     50 |      0 |   3090 |   4 |  918.5 |
       Dungeon |   3674 |   3624 |     50 |      0 |   3090 |   4 |  918.5 |
               +--------+--------+--------+--------+--------+-----+--------+

Top non-repeatable levels by time:
     D:1: 1474 daAuts
     D:2: 1085 daAuts
     D:4: 568 daAuts
     D:3: 546 daAuts
